 Dungeon Crawl Stone Soup version 0.31-a0-1099-g7fa767f3fe (webtiles) character file.

Game seed: 16186375847155696656

42 antlorb the Cutter (level 3, -7/28 HPs)
             Began as a Demonspawn Gladiator on Dec 1, 2023.
             Splashed by a jelly's acid (8 damage)
             ... on level 2 of the Dungeon.
             The game lasted 00:01:30 (1116 turns).

antlorb the Cutter (Demonspawn Gladiator)           Turns: 1116, Time: 00:01:31

Health: -7/28      AC: -5    Str: 14    XL:     3   Next: 35%
Magic:  3/3        EV: 15    Int:  8    God:
Gold:   128        SH:  4    Dex: 16    Spells: 2/2 levels left

rFire   . . .        a - +0 rapier
rCold   + . .        (no shield)
rNeg    . . .        l - +0 robe {rC+}
rPois   .            c - +0 helmet
rElec   .            (no cloak)
rCorr   .            (no gloves)
SInv    .            (no boots)
Will    .....        (no amulet)
Stlth   ++           (no ring)
HPRegen 0.24/turn    (no ring)
MPRegen 0.08/turn

%: no passive effects
@: corroded
A: repulsion field 1, condensation shield
a: no special abilities


You were on level 2 of the Dungeon.
You visited 1 branch of the dungeon, and saw 2 of its levels.

You collected 128 gold pieces.

Inventory:

Hand Weapons
 a - a +0 rapier (weapon)
Missiles
 d - 3 throwing nets (quivered)
 e - a javelin
Armour
 b - a +0 leather armour
 c - a +0 helmet (worn)
 l - a +0 robe of cold resistance (worn)
Scrolls
 f - 3 scrolls of identify {unknown}
 g - a scroll of immolation {unknown}
 i - a scroll of silence {unknown}
Potions
 h - a potion of attraction {unknown}
 j - a potion of degeneration {unknown}
 k - a potion of enlightenment {unknown}


   Skills:
 + Level 2.4 Fighting
 * Level 3.4 Short Blades
 - Level 1.7 Throwing
 + Level 3.0 Dodging
 + Level 0.7 Stealth


You had 2 spell levels left.
You didn't know any spells.
Your spell library was empty.

Dungeon Overview and Level Annotations

Branches:
Dungeon (2/15)

Altars:


Innate Abilities, Weirdness & Mutations

You are surrounded by a mild repulsion field. (EV +2)
A meltable shield of frost defends you. (SH +4)


Message History

You barely miss the endoplasm.
The jelly quivers.
The endoplasm barely misses you.
You hit the endoplasm but do no damage. The endoplasm freezes you.
You are frozen.
You resist.
You hit the endoplasm but do no damage. The endoplasm closely misses you.
You puncture the endoplasm!
You kill the endoplasm!
The jelly closely misses you.
You puncture the jelly! The acid corrodes you!
Your hands burn!
The jelly is heavily wounded.
The jelly hits you.
You are splashed with acid!
You hit the jelly but do no damage.
Your hands burn!
The jelly is heavily wounded.
The jelly hits you.
You are splashed with acid!
* * * LOW HITPOINT WARNING * * *
You are too injured to fight recklessly!
You are too injured to fight recklessly!
You are too injured to fight recklessly!
You are too injured to fight recklessly!
You are too injured to fight recklessly!
You are too injured to fight recklessly!
You are too injured to fight recklessly!
You are too injured to fight recklessly!
You are too injured to fight recklessly!
You are too injured to fight recklessly!
You are too injured to fight recklessly!
You are too injured to fight recklessly!
You are too injured to fight recklessly!
You are too injured to fight recklessly!
You are too injured to fight recklessly!
You are too injured to fight recklessly!
You hit the jelly. The acid corrodes you!
Your hands burn!
* * * LOW HITPOINT WARNING * * *
The jelly is severely wounded.
The jelly hits you.
* * * LOW HITPOINT WARNING * * *
You are splashed with acid!
You die...

#######.#.......#.###
........#..######.#
(.....#...## #.#
......#.#.# #.#
........#.# #.#
........#.. #.#
..#.....###.## #.#
....###.#......##.#
##.####.# #.....@.#
......#)..###..J###
......####......
......# ......#
......# ......
...>..# ......
......# ....##
.....## .### .###.#


You could see a jelly.

Vanquished Creatures
  An adder (D:2)
  A dart slug (D:1)
  3 endoplasms
  A giant cockroach (D:2)
  2 goblins (D:1)
  4 hobgoblins
  2 quokkas (D:1)
  4 ball pythons (D:1)
  3 bats (D:1)
  3 frilled lizards (D:1)
  3 kobolds
  3 rats (D:1)
30 creatures vanquished.

Notes
Turn   | Place    | Note
-------+----------+-------------------------------------------
     0 | D:1      | antlorb the Demonspawn Gladiator began the quest for the
                  | Orb.
     0 | D:1      | Reached XP level 1. HP: 16/16 MP: 1/1
   144 | D:1      | Gained mutation: You are surrounded by a mild repulsion
                  | field. (EV +2) [demonic ancestry]
   144 | D:1      | Reached XP level 2. HP: 8/22 MP: 2/2
   916 | D:2      | Gained mutation: A meltable shield of frost defends you.
                  | (SH +4) [demonic ancestry]
   916 | D:2      | Reached XP level 3. HP: 7/28 MP: 3/3
  1116 | D:2      | HP: 1/28 [jelly (2)]
  1116 | D:2      | Splashed by a jelly's acid

Illustrated notes

Levels and vault maps discovered:
D:1:      eino_arrival_water_cross, layout_basic, due_unseen_surprise
D:2:      layout_basic, basic_altar, nicolae_houndstooth_variations

Skill      XL: |  1  2 |
---------------+-------+-----
Short Blades   | 3 |  3.4
Dodging        | 3 |  3.0
Fighting       | |  2.4
Throwing       | |  1.7
Stealth        | |  0.7

Action                     || total
---------------------------++-------
  Melee: Rapier            ||   114
         Punch             ||     1
   Stab: Sleeping          ||     1
 Armour: Leather armour    ||    49
         Robe              ||     3
  Dodge: Dodged            ||    80
  Block: Other             ||     3

Table legend: (Time is in decaauts)
 A = Elapsed time spent in this place.
 B = Non-inter-level travel time spent in this place.
 C = Inter-level travel time spent in this place.
 D = Time resting spent in this place.
 E = Time spent auto-exploring this place.
 F = Levels seen in this place.
 G = Mean time per level.
                   A        B        C        D        E       F      G
               +--------+--------+--------+--------+--------+-----+--------+
         Total |   1121 |   1103 |     18 |    152 |    696 |   2 |  560.5 |
       Dungeon |   1121 |   1103 |     18 |    152 |    696 |   2 |  560.5 |
               +--------+--------+--------+--------+--------+-----+--------+

Top non-repeatable levels by time:
     D:1: 893 daAuts
     D:2: 228 daAuts
